 Dungeon Crawl Stone Soup version 0.19-a0-1166-g02d67b9 (console) character file.

36 brucemayne the Chopper (level 3, -3/42 HPs)
             Began as a Vampire Berserker on Aug 14, 2016.
             Was a Follower of Trog.
             Slain by a gnoll
             ... wielding a +0 spear
              (7 damage)
             ... on level 5 of the Dungeon.
             The game lasted 00:02:11 (403 turns).

brucemayne the Chopper (Vampire Berserker)           Turns: 403, Time: 00:02:12

Health: -3/42      AC:  2    Str: 22    XL:     3   Next: 19%
Magic:  3/3        EV: 12    Int:  9    God:    Trog [*.....]
Gold:   17         SH:  0    Dex: 13    Spells: 0 memorised, 2 levels left

rFire  . . .     SeeInvis +     i - +0 war axe
rCold  . . .     Gourm    .     b - +0 animal skin
rNeg   + . .     Faith    .     (no shield)
rPois  .         Spirit   .     (no helmet)
rElec  .         Dismiss  .     (no cloak)
rCorr  .         Reflect  .     (no gloves)
MR     .....     Harm     .     (no boots)
Stlth  ..........               (no amulet)
                                (no ring)
                                (no ring)

@: berserking, very quick
A: fangs 3, see invisible, unbreathing
a: Bat Form, Berserk, Burn Spellbooks, Renounce Religion


You were on level 5 of the Dungeon.
You worshipped Trog.
Trog was aware of your devotion.
You were not thirsty.

You visited 1 branch of the dungeon, and saw 5 of its levels.

You collected 17 gold pieces.

Inventory:

Hand Weapons
 a - a +0 hand axe
 d - a +0 short sword of speed
 i - a +0 war axe (weapon)
Armour
 b - a +0 animal skin (worn)
Scrolls
 c - a scroll of fog {unknown}
 f - 2 scrolls of identify {unknown}
 g - a scroll of blinking {unknown}
 k - 2 scrolls of magic mapping {unknown}
Potions
 e - a potion of blood
 h - a potion of might {unknown}
 j - a potion of flight {unknown}


   Skills:
 - Level 2.6 Fighting
 + Level 3.9 Axes
 - Level 1.5 Armour
 - Level 2.1 Dodging


You had 2 spell levels left.
You didn't know any spells.

Dungeon Overview and Level Annotations

Branches:
Dungeon (5/15)
 Temple: D:4-7

Altars:

Shops:
D:4 (

Annotations:
D:4 Pikel


Innate Abilities, Weirdness & Mutations

You have razor-sharp teeth.
You have supernaturally acute eyesight. (SInv)
You can survive without breathing.


Message History

You feel yourself moving faster!
You feel mighty!
You feel somewhat more thirsty. The gnoll hits you but does no damage.
The crimson imp hits you but does no damage.
You miss the crimson imp. Your bite misses the crimson imp.
The crimson imp is lightly wounded.
The gnoll hits you from afar with a spear.
* * * LOW HITPOINT WARNING * * *
The crimson imp hits you.
* * * LOW HITPOINT WARNING * * *
Unknown command.
You completely miss the crimson imp.
The crimson imp is lightly wounded.
The gnoll hits you but does no damage. The crimson imp barely misses you.
Unknown command.
The gnoll closely misses you.
You slash the gnoll!
The gnoll is heavily wounded.
You barely miss the crimson imp.
The crimson imp blinks!
The gnoll hits you with a spear!
You die...

.
..5.########
.......ยง@g.#
..##.#####.#
#.# #.# #<#
#.......#
#.......#
+.##.#.##
#..#.


You could see a gnoll and a crimson imp.

Vanquished Creatures
  2 adders
  2 worms (D:3)
  A goblin (D:3)
  2 jackals (D:3)
  A bat (D:2)
  3 giant newts (D:3)
  3 kobolds
  A rat (D:1)
15 creatures vanquished.

Notes
Turn   | Place    | Note
-------+----------+-------------------------------------------
     0 | D:1      | brucemayne the Vampire Berserker began the quest for the Orb.
     0 | D:1      | Reached XP level 1. HP: 17/17 MP: 1/1
   109 | D:2      | Reached skill level 3 in Axes
   133 | D:2      | Reached XP level 2. HP: 23/23 MP: 2/2
   210 | D:3      | Reached XP level 3. HP: 4/28 MP: 3/3
   214 | D:3      | HP: 2/42 [poisoned by an adder]
   219 | D:3      | HP: 1/28 [poisoned by an adder]
   329 | D:4      | Noticed a phantom
   379 | D:4      | Noticed Pikel
   379 | D:4      | Noticed a slave
   379 | D:4      | Noticed a slave
   379 | D:4      | Noticed a slave
   380 | D:4      | Noticed a slave
   380 | D:4      | Found Jixec's Weapon Shoppe.
   380 | D:4      | Noticed a scorpion
   385 | D:5      | Entered Level 5 of the Dungeon
   403 | D:5      | Slain by a gnoll

Vault maps used:
D:1:      minmay_arrival_split_and_join, roderic_lattice_a
D:2:      first_bread, ecumenical_altar_2
D:3:      kennysheep_generic_room_16, uniq_robin, uniq_iyjb, uniq_grinder,
          uniq_jessica
D:4:      corexii_shack_village, serial_shops, shop, led_xom_imps, uniq_pikel
D:5:      wad_pebble_path, serial_shops, shop

Skill      XL: |  1 |
---------------+----+-----
Axes           | 3 |  3.9
Fighting       | |  2.6
Armour         | |  1.5
Dodging        | |  2.1

Action                   || total
-------------------------++-------
Melee: Hand axe          ||    30
       War axe           ||     6
       Bite              ||     1
Invok: Berserk           ||     3
 Abil: End Transformatio ||     1
       Bat Form          ||     1
  Use: Potion            ||     5
 Stab: Sleeping          ||     1
Armor: Animal skin       ||    10
Dodge: Dodged            ||    37
